 Dungeon Crawl Stone Soup version 0.18-a0-1577-gf591c28 (webtiles) character file.

494 Ijustatesigmund the Insei (level 7, 0/49 HPs)
             Began as an Octopode Transmuter on Mar 20, 2016.
             Succumbed to a killer bee's poison
             ... on level 4 of the Dungeon.
             The game lasted 00:09:38 (4169 turns).

Ijustatesigmund the Insei (Octopode Transmuter)     Turns: 4169, Time: 00:09:38

Health: 0/49       AC:  1    Str: 18    XL:     7   Next: 15%
Magic:  10/10      EV: 12    Int: 16    God:
Gold:   148        SH:  0    Dex: 12    Spells: 3 memorised, 4 levels left

rFire  . . .     SeeInvis +       - Unarmed
rCold  . . .     Gourm    .     (no shield)
rNeg   . . .     Faith    .     (helmet restricted)
rPois  .         Spirit   .     (no amulet)
rElec  .         Dismiss  .     i - ring of see invisible
rCorr  .         Reflect  .     (no ring)
SustAt .         Harm     .     (no ring)
MR     .....                    (no ring)
Stlth  ++........               (no ring)
                                (no ring)
                                (no ring)
                                (no ring)

@: mighty, lethally poisoned (0 -> -1), not resistant to hostile enchantments,
unstealthy
A: almost no armour, amphibious, 8 rings, constrict 8, camouflage 1, strong 1,
gelatinous body 1
a: no special abilities


You were on level 4 of the Dungeon.
You were not hungry.

You visited 1 branch of the dungeon, and saw 5 of its levels.

You collected 148 gold pieces.

Inventory:

Missiles
 a - 71 arrows
 g - 9 arrows of frost
Armour
 f - a +0 buckler
Jewellery
 i - a ring of see invisible (left tentacle)
Wands
 m - a wand of polymorph (13/24)
Scrolls
 e - 2 scrolls of remove curse
 h - a scroll of teleportation
 l - 2 scrolls of amnesia
 q - a scroll of enchant weapon {unknown}
 r - a scroll of identify
Potions
 k - a potion of might
 n - 3 potions of flight
 o - a potion of agility
Books
 b - a book of Changes

   Spells                             Type                      Level
   a - Beastly Appendage              Transmutation                1
   b - Sticks to Snakes               Transmutation                2
   c - Spider Form                    Transmutation/Poison         3
   d - Ice Form                       Ice/Transmutation            4
   e - Blade Hands                    Transmutation                5
Comestibles
 c - 2 bread rations
 p - a meat ration


   Skills:
 + Level 4.5 Fighting
 - Level 2.0 Dodging
 + Level 5.0 Unarmed Combat
 - Level 2.0 Spellcasting
 + Level 3.6 Transmutations
 - Level 2.5 Poison Magic


You had 4 spell levels left.
You knew the following spells:

 Your Spells              Type           Power        Failure   Level  Hunger
a - Beastly Appendage     Trmt           ##....       6%          1    #......
b - Sticks to Snakes      Trmt           ##......     10%         2    ###....
c - Spider Form           Trmt/Pois      ##........   17%         3    ###....


Dungeon Overview and Level Annotations

Branches:
Dungeon (5/15)
 Temple: D:4-7

Altars:
Ashenzari
Gozag
Makhleb
Pakellas
Qazlal
Sif Muna
The Shining One

Shops:
D:4 %

Annotations:
D:3 1 runed door


Innate Abilities, Weirdness & Mutations

You cannot wear most types of armour.
You are amphibious.
You can wear up to eight rings at the same time.
You can use your tentacles to constrict eight enemies at once.
Your skin changes colour to match your surroundings (Stealth).
Your rubbery body absorbs attacks (AC +1).
Your muscles are strong. (Str +2)


Message History

You feel sick.
* * * LOW HITPOINT WARNING * * *
You feel sick.
* * * LOW HITPOINT WARNING * * *
You feel sick.
* * * LOW HITPOINT WARNING * * *
You feel sick.
* * * LOW HITPOINT WARNING * * *
You feel sick.
* * * LOW HITPOINT WARNING * * *
You feel sick.
* * * LOW HITPOINT WARNING * * *
You feel sick.
* * * LOW HITPOINT WARNING * * *
You feel sick.
* * * LOW HITPOINT WARNING * * *
You feel sick.
* * * LOW HITPOINT WARNING * * *
You feel sick.
You die...

#.# #..
#.. #.#
#.# #.#
#.#
#.#####.#
#@......#
#########


There were no monsters in sight!

Vanquished Creatures
  A scorpion (D:5)
  A crimson imp (D:5)
  An orc wizard (D:4)
  An iguana (D:3)
  2 worker ants
  A hound skeleton (D:4)
  10 adders
  3 gnolls
  An ooze (D:2)
  An adder skeleton (D:5)
  A dart slug (D:1)
  4 giant geckos
  9 orcs
  A ball python (D:2)
  5 bats (D:2)
  3 giant cockroaches
  3 goblins (D:1)
  6 hobgoblins
  6 jackals
  7 giant newts
  5 kobolds
  4 rats
76 creatures vanquished.

Vanquished Creatures (collateral kills)
  An ogre (D:4)
  A gnoll (D:3)
  An orc (D:4)
  A goblin (D:3)
  A hobgoblin (D:2)
  A jackal (D:4)
  A bat (D:3)
7 creatures vanquished.

Grand Total: 83 creatures vanquished

Notes
Turn   | Place    | Note
--------------------------------------------------------------
     0 | D:1      | Ijustatesigmund the Octopode Transmuter began the quest for the Orb.
     0 | D:1      | Reached XP level 1. HP: 13/13 MP: 3/3
   416 | D:1      | Reached XP level 2. HP: 11/18 MP: 5/5
   421 | D:1      | Learned a level 2 spell: Sticks to Snakes
   855 | D:2      | Found a faded altar to an unknown god.
   926 | D:2      | Reached XP level 3. HP: 22/24 MP: 6/6
   931 | D:2      | Learned a level 3 spell: Spider Form
  1318 | D:2      | Reached skill level 1 in Poison Magic
  1363 | D:2      | Reached XP level 4. HP: 24/30 MP: 7/7
  1520 | D:2      | Found an oddly glowing altar of Pakellas.
  1605 | D:3      | Found a stormy altar of Qazlal.
  1605 | D:3      | Found a shattered altar of Ashenzari.
  1607 | D:3      | Found a burning altar of Makhleb.
  1607 | D:3      | Found an oddly glowing altar of Pakellas.
  1609 | D:3      | Found a deep blue altar of Sif Muna.
  1878 | D:3      | Reached XP level 5. HP: 36/36 MP: 5/8
  1929 | D:3      | Found an opulent altar of Gozag.
  2117 | D:3      | Reached skill level 4 in Unarmed Combat
  2281 | D:3      | Found a glowing golden altar of the Shining One.
  2282 | D:3      | Found a runed door.
  2282 | D:3      | Noticed an angel
  2920 | D:5      | Entered Level 5 of the Dungeon
  2927 | D:5      | Reached XP level 6. HP: 12/43 MP: 6/9
  3658 | D:4      | Found Kana's Food Boutique.
  3680 | D:4      | Reached XP level 7. HP: 37/49 MP: 3/10
  3979 | D:4      | Reached skill level 5 in Unarmed Combat
  4144 | D:4      | Gained mutation: You have supernaturally acute eyesight. [potion of mutation]
  4144 | D:4      | Lost mutation: You have supernaturally acute eyesight. [potion of mutation]
  4144 | D:4      | Gained mutation: Your muscles are strong. (Str +2) [potion of mutation]
  4159 | D:4      | HP: 2/49 [poisoned by a killer bee]
  4165 | D:4      | HP: 1/49 [poisoned by a killer bee]
  4169 | D:4      | Succumbed to a killer bee's poison

Vault maps used:
D:1:      dpeg_arrival_stonehenge_12_columns, minmay_misc_feat_roman,
          roderic_roman_lattice
D:2:      first_bread, ecumenical_altar_2, grunt_pakellas_basics
D:3:      grunt_temple_overflow_open, kennysheep_path_1, lemuel_angel_altar
D:4:      vehumet_altar_wand_db, serial_shops, shop, uniq_blork_the_orc
D:5:      basic_altar, hex_tiny

Skill      XL: |  1  2  3  4  5  6  7 |
---------------+----------------------+-----
Fighting       | 2 3 4 |  4.5
Poison Magic   | 1 2 |  2.5
Unarmed Combat | 4 5 |  5.0
Transmutations | 3 |  3.6
Dodging        | |  2.0
Spellcasting   | |  2.0

Action                   |  1- 3 |  4- 6 |  7- 9 || total
-------------------------+-------+-------+-------++-------
Melee: Unarmed           |    69 |   117 |    18 ||   204
 Cast: Beastly Appendage |     4 |     6 |     1 ||    11
       Sticks to Snakes  |     2 |    12 |     1 ||    15
       Spider Form       |       |     3 |     1 ||     4
Evoke: Wand              |       |       |     2 ||     2
  Use: Scroll            |     3 |     7 |     2 ||    12
       Potion            |     3 |     1 |     3 ||     7
 Stab: Sleeping          |     7 |     2 |       ||     9
       Distracted        |       |       |     1 ||     1
  Eat: Chunk             |     2 |     4 |       ||     6
       Beef jerky        |       |     1 |       ||     1
       Bread ration      |       |     1 |       ||     1
       Pizza             |       |     1 |       ||     1
